 Dungeon Crawl Stone Soup version 0.31-a0-700-gf13585253f (webtiles) character file.

Game seed: 14932151657807573857

310 SmokeWeed the Sneak (level 6, 0/41 HPs)
             Began as an Octopode Brigand on Sept 7, 2023.
             Succumbed to an adder's poison
             ... on level 4 of the Dungeon.
             The game lasted 00:11:16 (3517 turns).

SmokeWeed the Sneak (Octopode Brigand)              Turns: 3517, Time: 00:11:16

Health: 0/41       AC: -3    Str: 10    XL:     6   Next: 41%
Magic:  6/6        EV: 28    Int: 13    God:
Gold:   239        SH:  4    Dex: 16    Spells: 3/5 levels left

rFire   . . .        v - +8 mace of Qazlal {drain, SInv}
rCold   . . .        l - +0 buckler
rNeg    . . .        (helmet restricted)
rPois   .            h - amulet of the acrobat
rElec   .            (no ring)
rCorr   .            (no ring)
SInv    +            (no ring)
Will    .....        (no ring)
Stlth   +++++        (no ring)
HPRegen 0.26/turn    (no ring)
MPRegen 0.10/turn    (no ring)
                     (no ring)

%: acrobat
@: lethally poisoned (0 -> -8), corroded, acrobatic
A: almost no armour, amphibious, 8 rings, camouflage 1, gelatinous body 1,
(nimble swimmer 1), tentacles
a: no special abilities


You were on level 4 of the Dungeon.
You visited 1 branch of the dungeon, and saw 4 of its levels.

You collected 239 gold pieces.

Inventory:

Hand Weapons
 a - a +2 dagger
 n - a +1 arbalest
 s - a +3 hand axe of freezing
 v - the +8 mace of Qazlal (weapon) {drain, SInv}
   (You found it on level 3 of the Dungeon)

   SInv:      It lets you see invisible.
Missiles
 b - 14 poisoned darts (quivered)
 c - 3 curare-tipped darts
Armour
 l - a +0 buckler (worn)
Magical Staves
 u - a staff of death
Jewellery
 h - an amulet of the acrobat (around mantle)
Wands
 m - a wand of acid (9)
Scrolls
 e - a scroll of immolation
 f - a scroll of noise
 k - 2 scrolls of amnesia
 p - a scroll of fear
Potions
 d - a potion of degeneration {unknown}
 g - a potion of heal wounds {unknown}
 i - 5 potions of curing {unknown}
 j - a potion of resistance {unknown}
 r - a potion of might {unknown}


   Skills:
 + Level 2.8 Fighting
 + Level 3.3 Short Blades
 - Level 0.8(0.9) Axes
 + Level 0.4(0.7) Maces & Flails
 - Level 0.8 Ranged Weapons
 + Level 2.3 Throwing
 * Level 2.2 Dodging
 * Level 7.7 Stealth
 * Level 0.5 Shields
 * Level 0.3 Spellcasting


You had 3 spell levels left.
You knew the following spells:

 Your Spells              Type           Power      Damage    Failure   Level
a - Blink                 Tloc           0%         N/A       56%         2

Your spell library contained the following spells:

 Spells                   Type           Power      Damage    Failure   Level
 Lesser Beckoning         Tloc           0%         N/A       56%         2
 Momentum Strike          Conj/Tloc      0%         3d8       56%         2
 Wereblood                Tmut           0%         N/A       56%         2
 Ozocubu's Armour         Ice            0%         N/A       80%         3
 Irradiate                Conj/Tmut      0%         3d11      100%        5
 Ozocubu's Refrigeration  Ice            0%         4d7       100%        7


Dungeon Overview and Level Annotations

Branches:
Dungeon (4/15)
 Temple: D:4-7

Altars:
Ashenzari

Shops:
D:3 *


Innate Abilities, Weirdness & Mutations

You cannot wear most types of armour.
You are amphibious.
You can wear up to eight rings at the same time.
Your skin changes colour to match your surroundings (Stealth+).
Your rubbery body absorbs attacks. (AC +1, EV +1)
((You are camouflaged when in or above water. (Stealth+)))
You have tentacles for arms and can constrict up to eight enemies at once.


Message History

You block the goblin's attack.
You sock the goblin!
You kill the goblin!
You sock the hobgoblin!
You kill the hobgoblin!
The orc closely misses you.
You sock the orc!
You kill the orc!
Things that are here:
a +0 short sword; a +0 dagger; a goblin corpse
b - 13 poisoned darts (gained 1)
b - 14 poisoned darts (gained 1)
A jelly comes into view.
An adder comes into view.
Found a scroll of enchant weapon.
The adder hisses angrily.
The jelly quivers.
You hit the jelly. The acid corrodes you!
Your tentacles burn!
The jelly is lightly wounded.
The jelly hits you.
You are splashed with acid!
The jelly hits you.
You are splashed with acid!
You are too injured to fight recklessly!
You sock the jelly! The acid corrodes you!
Your tentacles burn!
You squeeze the jelly.
The jelly is almost dead.
The adder misses you. The jelly hits you.
You are splashed with acid!
* * * LOW HITPOINT WARNING * * *
The adder bites you.
* * * LOW HITPOINT WARNING * * *
You are poisoned.
The adder poisons you!
You sock the jelly!
You kill the jelly!
You feel sick. The adder bites you.
* * * LOW HITPOINT WARNING * * *
The adder bites you.
* * * LOW HITPOINT WARNING * * *
You are more poisoned.
The adder poisons you!
You die...

#.###.#........
###.............. .
#....##.#........ ..
#....##.#........ ...
#....##.#........ ....
#....##.#####)###
.....###....##.# #.#
....?.......##.# #.#
.......@S#.###.#####.###
#####....#.##...........
#....#.##.#......###
#................#..
#....#.#.....†.†.#.#
#.#...........#..#.#
#...##....#####..#.#
#..## ...........#..
.....[##.####


You could see an adder.

Vanquished Creatures
  A scorpion (D:3)
  A jelly (D:4)
  A gnoll bouda (D:2)
  An orc wizard (D:2)
  3 gnolls
  5 adders
  A worm (D:4)
  A dart slug (D:2)
  5 orcs
  8 ball pythons
  4 bats
  7 endoplasms
  5 giant cockroaches
  8 goblins
  13 hobgoblins
  7 kobolds
  2 quokkas
  5 frilled lizards
  6 rats
84 creatures vanquished.

Notes
Turn   | Place    | Note
-------+----------+-------------------------------------------
     0 | D:1      | SmokeWeed the Octopode Brigand began the quest for the Orb.
     0 | D:1      | Reached XP level 1. HP: 14/14 MP: 1/1
    69 | D:1      | Reached XP level 2. HP: 9/19 MP: 2/2
   277 | D:1      | Reached skill level 6 in Stealth
   360 | D:1      | Reached XP level 3. HP: 21/24 MP: 3/3
  1236 | D:2      | Reached XP level 4. HP: 29/29 MP: 4/4
  2019 | D:2      | Reached skill level 7 in Stealth
  2019 | D:2      | Reached XP level 5. HP: 9/35 MP: 5/5
  2651 | D:3      | Found a broken altar of Ashenzari.
  2691 | D:3      | Found Pagox's General Store.
  2824 | D:3      | Identified the +8 mace of Qazlal {drain, SInv}
  3052 | D:3      | Reached XP level 6. HP: 6/41 MP: 6/6
  3056 | D:3      | HP: 2/41 [poisoned by a scorpion]
  3262 | D:3      | Found a faded altar of an unknown god.
  3428 | D:4      | Learned a level 2 spell: Blink
  3516 | D:4      | HP: 1/41 [adder (3)]
  3517 | D:4      | Succumbed to an adder's poison

Illustrated notes

Levels and vault maps discovered:
D:1:      minmay_arrival_doors, layout_rooms, dk_noncrumbling_2
D:2:      layout_basic
D:3:      layout_basic, lemuel_doored_altar, hellmonk_ecumenical_altar_blasted,
          serial_shops, nicolae_shop_back_alley_shop
D:4:      layout_basic, nicolae_gozag_seed_capital,
          lemuel_coloured_pillars_altar

Skill      XL: |  1  2  3  4  5 |
---------------+----------------+-----
Stealth        | 6 7 |  7.7
Short Blades   | 3 |  3.3
Dodging        | 2 |  2.2
Fighting       | |  2.8
Axes           | |  0.8
Maces & Flails | |  0.4
Ranged Weapons | |  0.8
Throwing       | |  2.3
Shields        | |  0.5
Spellcasting   | |  0.3

Action                     |  1- 3 |  4- 6 || total
---------------------------+-------+-------++-------
  Melee: Dagger            |    85 |    48 ||   133
         Tentacles         |    12 |    15 ||    27
         Constrict         |    16 |    19 ||    35
         Punch             |       |     2 ||     2
         Hand axe          |       |    14 ||    14
         Mace              |       |    27 ||    27
   Fire: Arbalest          |       |     5 ||     5
  Throw: Dart              |     7 |     6 ||    13
    Use: Scroll            |       |     8 ||     8
   Stab: Sleeping          |    15 |     7 ||    22
 Armour: Skin              |    27 |    46 ||    73
  Dodge: Dodged            |    38 |    56 ||    94
  Block: Buckler           |       |    14 ||    14

Table legend: (Time is in decaauts)
 A = Elapsed time spent in this place.
 B = Non-inter-level travel time spent in this place.
 C = Inter-level travel time spent in this place.
 D = Time resting spent in this place.
 E = Time spent auto-exploring this place.
 F = Levels seen in this place.
 G = Mean time per level.
                   A        B        C        D        E       F      G
               +--------+--------+--------+--------+--------+-----+--------+
         Total |   3522 |   3288 |    234 |    619 |   1903 |   4 |  880.5 |
       Dungeon |   3522 |   3288 |    234 |    619 |   1903 |   4 |  880.5 |
               +--------+--------+--------+--------+--------+-----+--------+

Top non-repeatable levels by time:
     D:2: 1593 daAuts
     D:3: 1009 daAuts
     D:1: 787 daAuts
     D:4: 131 daAuts
